 Dungeon Crawl Stone Soup version 0.29.0-4-gdea44cf6ec (webtiles) character file.

Game seed: 7952365054016154386

5478 qw the Cleaver (level 10, -1/132 HPs)
             Began as a Minotaur Berserker on Sept 4, 2022.
             Was a Priest of Trog.
             Slain by a yak (11 damage)
             ... on level 9 of the Dungeon.
             The game lasted 00:02:55 (10402 turns).

qw the Cleaver (Minotaur Berserker)                Turns: 10402, Time: 00:02:56

Health: -1/132     AC: 16    Str: 25    XL:     10   Next: 42%
Magic:  9/9        EV:  7    Int: 10    God:    Trog [***...]
Gold:   557        SH: 15    Dex: 11    Spells: 9/9 levels left

rFire   . . .      SeeInvis +   Y - +0 war axe
rCold   . . .      Faith    .   b - +0 kite shield
rNeg    . . .      Spirit   .   g - +0 chain mail
rPois   .          Reflect  +   (helmet restricted)
rElec   .          Harm     .   e - +1 cloak {Will+}
rCorr   .          Rampage  .   p - +0 pair of gloves
Will    +....                   s - +1 pair of boots
Stlth   ..........              r - amulet of reflection
HPRegen 0.32/turn               h - +6 ring of intelligence
MPRegen 0.11/turn               i - ring of see invisible

@: berserking, slowed
A: horns 2, retaliatory headbutt
a: Renounce Religion, Berserk, Trog's Hand


You were on level 9 of the Dungeon.
You worshipped Trog.
Trog was most pleased with you.
You visited 1 branch of the dungeon, and saw 9 of its levels.

You collected 557 gold pieces.


Innate Abilities, Weirdness & Mutations

You have a pair of horns on your head.
You reflexively headbutt those who attack you in melee.


   Skills:
 - Level 8.1 Fighting
 - Level 13.0 Axes
 - Level 3.0 Throwing
 - Level 6.2 Armour
 + Level 2.1 Dodging
 - Level 9.4 Shields


You had 9 spell levels left.
You didn't know any spells.
Your spell library was empty.

Inventory:

Hand Weapons
 v - a +0 eveningstar
 Y - a +0 war axe (weapon)
Missiles
 d - 2 silver boomerangs
 q - 6 boomerangs
 t - 3 silver javelins (quivered)
Armour
 b - a +0 kite shield (worn)
 e - a +1 cloak of willpower (worn)
 g - a +0 chain mail (worn)
 p - a +0 pair of gloves (worn)
 s - a +1 pair of boots (worn)
 u - a +2 cloak of stealth
Jewellery
 h - a +6 ring of intelligence (left hand)
 i - a ring of see invisible (right hand)
 n - a ring of see invisible
 r - an amulet of reflection (around neck)
Scrolls
 f - a scroll of identify
 j - a scroll of enchant weapon {unknown}
 m - 3 scrolls of teleportation
Potions
 a - 4 potions of mutation
 c - 4 potions of heal wounds
 k - a potion of cancellation
 l - 2 potions of haste
 o - a potion of might

Dungeon Overview and Level Annotations

Branches:
Dungeon (9/15)             Temple (0/1) D:4
   Lair: D:8-11         Orc: D:9-12

Altars:
Cheibriados
Dithmenos
Gozag
Okawaru
Qazlal
Ru
Sif Muna
Uskayaw
Xom
Yredelemnul

Annotations:
D:2 Natasha


Message History

You feel as though you will be slow longer.
You block the yak's attack. The yak misses you. You furiously retaliate!
You headbutt the yak.
You kill the yak!
Trog accepts your kill.
Your Armour skill increases to level 6!
You slash the wyvern!
You kill the wyvern!
Trog accepts your kill.
You closely miss the wraith. You slash the yak!
You kill the yak!
Trog accepts your kill. You block the wraith's attack.
You hit the wraith. Your headbutt misses the wraith.
The wraith is almost destroyed.
You slash the yak! You closely miss the yak.
The yak gores you but does no damage. You block the yak's attack.
The wraith closely misses you. You furiously retaliate!
You headbutt the wraith. You closely miss the wraith.
Your headbutt misses the wraith.
The wraith is almost destroyed.
You slash the yak! You completely miss the yak. You block the yak's attack.
The yak gores you but does no damage. The wraith barely misses you.
You slash the wraith!
You destroy the wraith!
Trog accepts your kill.
You hit the yak. You closely miss the yak. You slash the yak!
You block the yak's attack. x2; The yak gores you.
Your Fighting skill increases to level 8!
You slash the yak!
The yak is almost dead.
You hit the yak. You slash the yak! You hit the yak but do no damage.
The yak gores you! You block the yak's attack.
The yak gores you but does no damage. x2
You hit the yak.
The yak is almost dead.
You hit the yak. x2; You slash the yak! You block the yak's attack.
The yak gores you. The yak barely misses you. The yak gores you!
You die...

#.................
#....####..#......
#..........#...#..
##.........#...#..
#...#.....#...#..
#...#..#..#####..
##...#..#..# #..
#.Y..#..#..# #..
#@Y..#..#..# #..
#YY.....#..# #..
#.......# #..
Y..Y..........#
#..
Y.l........#..#
#####..
.....#..####..#
#...#.. #....#..#
.# #...#.. ...Y
#..# ####...#..
... ####
#.........


You could see 4 yaks.

Vanquished Creatures
  2 two-headed ogres (D:8)
  Maurice (D:8)
  A wraith (D:9)
  A wyvern (D:9)
  A steam dragon (D:6)
  2 yaks (D:9)
  2 water moccasins (D:5)
  2 ice beasts (D:7)
  3 black bears
  An ogre (D:6)
  A sky beast (D:7)
  4 centaurs
  2 phantoms
  A kobold brigand (D:6)
  4 bullfrogs
  A gnoll sergeant (D:6)
  2 necrophages
  A scorpion (D:5)
  3 wights (D:7)
  9 killer bees
  7 orc priests
  Terence (D:2)
  Crazy Yiuf (D:3)
  Natasha (D:2)
  6 iguanas
  4 orc wizards
  Robin (D:2)
  14 gnolls
  7 adders
  An ufetubus (D:4)
  6 dart slugs
  32 orcs
  4 endoplasms
  2 giant cockroaches
  15 goblins
  11 hobgoblins
  A quokka (D:1)
  5 ball pythons
  3 bats
  A frilled lizard (D:2)
  13 kobolds
  2 rats
182 creatures vanquished.

Vanquished Creatures (others)
  A withered plant (D:6)
1 creature vanquished.

Grand Total: 183 creatures vanquished

Notes
Turn   | Place    | Note
-------+----------+-------------------------------------------
     0 | D:1      | qw the Minotaur Berserker began the quest for the Orb.
     0 | D:1      | Reached XP level 1. HP: 19/19 MP: 0/0
     0 | D:1      | 0 ||| qw: Version: 0.1-a-103-gd6f5d3a
     0 | D:1      | 0 ||| qw: Game counter: 5445
     0 | D:1      | 0 ||| qw: Always use a shield: true
     0 | D:1      | 0 ||| qw: Do Orc after D:15 true
     0 | D:1      | 0 ||| qw: Do second Lair branch before Depths: true
     0 | D:1      | 0 ||| qw: Lair rune preference: random
     0 | D:1      | 0 ||| qw: Plans: Normal
     0 | D:1      | 0 ||| PLANNING D:1-11
    62 | D:1      | 62 ||| INVOKING Berserk.
    63 | D:1      | 63 ||| INVOKING Berserk.
   283 | D:1      | Reached skill level 4 in Axes
   630 | D:1      | Reached XP level 2. HP: 26/26 MP: 1/1
   980 | D:1      | 980 ||| Stepping ~*~*~tactically~*~*~ (hiding).
   982 | D:1      | 982 ||| Stepping ~*~*~tactically~*~*~ (hiding).
  1163 | D:1      | Reached skill level 5 in Axes
  1617 | D:1      | 1617 ||| UPGRADING to +6 ring of intelligence.
  1618 | D:1      | 1618 ||| UPGRADING to ring of see invisible.
  1619 | D:1      | 1619 ||| READING scroll labelled YHELUR QOTYKKI.
  1620 | D:1      | 1620 ||| READING 3 scrolls labelled WUS TE IMU.
  1621 | D:1      | 1621 ||| READING scroll labelled SOKKYT GASCH.
  1766 | D:1      | 1766 ||| READING 2 scrolls of identify.
  1766 | D:1      | 1766 ||| IDENTIFYING coppery potion
  1802 | D:2      | 1802 ||| STAIRDANCE
  1810 | D:2      | 1810 ||| STAIRDANCE
  1857 | D:2      | 1857 ||| Stepping ~*~*~tactically~*~*~ (hiding).
  1858 | D:2      | 1858 ||| Stepping ~*~*~tactically~*~*~ (stealth).
  1859 | D:2      | 1859 ||| Stepping ~*~*~tactically~*~*~ (hiding).
  1860 | D:2      | 1860 ||| Stepping ~*~*~tactically~*~*~ (stealth).
  1861 | D:2      | 1861 ||| FLEEEEING.
  1862 | D:2      | 1862 ||| FLEEEEING.
  1865 | D:2      | 1865 ||| FLEEEEING.
  1867 | D:2      | 1867 ||| FLEEEEING.
  1869 | D:2      | 1869 ||| FLEEEEING.
  1870 | D:2      | 1870 ||| FLEEEEING.
  1871 | D:2      | 1871 ||| STAIRDANCE
  1913 | D:1      | 1913 ||| UPGRADING to +0 leather armour.
  1923 | D:1      | 1923 ||| DROPPING +0 animal skin.
  1926 | D:2      | 1926 ||| STAIRDANCE
  1929 | D:1      | Reached XP level 3. HP: 29/31 MP: 2/2
  1950 | D:2      | 1950 ||| STAIRDANCE
  2072 | D:2      | Reached skill level 1 in Throwing
  2129 | D:2      | 2129 ||| DROPPING +0 mace.
  2132 | D:2      | 2132 ||| Stepping ~*~*~tactically~*~*~ (hiding).
  2186 | D:2      | Noticed Natasha
  2189 | D:2      | 2189 ||| INVOKING Berserk.
  2192 | D:2      | Killed Natasha
  2280 | D:2      | Noticed Terence
  2284 | D:2      | 2284 ||| INVOKING Berserk.
  2286 | D:2      | Killed Terence
  2287 | D:2      | Reached skill level 6 in Axes
  2287 | D:2      | Reached XP level 4. HP: 39/39 MP: 3/3
  2409 | D:2      | 2409 ||| Stepping ~*~*~tactically~*~*~ (stealth).
  2410 | D:2      | 2410 ||| Stepping ~*~*~tactically~*~*~ (stealth).
  2412 | D:2      | 2412 ||| Stepping ~*~*~tactically~*~*~ (stealth).
  2413 | D:2      | 2413 ||| INVOKING Berserk.
  2414 | D:2      | 2414 ||| INVOKING Berserk.
  2595 | D:2      | Noticed Robin
  2596 | D:2      | 2596 ||| Stepping ~*~*~tactically~*~*~ (stealth).
  2597 | D:2      | 2597 ||| Stepping ~*~*~tactically~*~*~ (stealth).
  2598 | D:2      | 2598 ||| INVOKING Berserk.
  2599 | D:2      | 2599 ||| INVOKING Berserk.
  2601 | D:2      | Killed Robin
  2602 | D:2      | Reached XP level 5. HP: 45/45 MP: 4/4
  2658 | D:2      | 2658 ||| Stepping ~*~*~tactically~*~*~ (stealth).
  2713 | D:2      | Reached ** piety under Trog
  2791 | D:2      | Noticed Natasha
  2892 | D:2      | 2892 ||| Stepping ~*~*~tactically~*~*~ (stealth).
  3121 | D:2      | 3121 ||| UPGRADING to +0 chain mail.
  3131 | D:2      | 3131 ||| DROPPING +0 leather armour.
  3132 | D:2      | 3132 ||| READING scroll labelled EZUJ BECOTT.
  3137 | D:2      | 3137 ||| READING scroll labelled PICUDI GUXZYI.
  3138 | D:2      | 3138 ||| READING scroll labelled LESAHAK INOB.
  3153 | D:3      | 3153 ||| STAIRDANCE
  3174 | D:3      | Reached skill level 7 in Axes
  3198 | D:3      | 3198 ||| DROPPING +0 flail.
  3277 | D:3      | Found a stormy altar of Qazlal.
  3303 | D:3      | 3303 ||| Stepping ~*~*~tactically~*~*~ (stealth).
  3517 | D:3      | Found a snail-covered altar of Cheibriados.
  3531 | D:3      | Found a shimmering altar of Xom.
  3682 | D:3      | 3682 ||| READING scroll labelled TUSUVA WOUZUBO.
  3705 | D:3      | 3705 ||| READING 2 scrolls of identify.
  3705 | D:3      | 3705 ||| IDENTIFYING sedimented purple potion
  3706 | D:3      | 3706 ||| Stepping randomly (stuck).
  3707 | D:3      | 3707 ||| Stepping randomly (stuck).
  3708 | D:3      | 3708 ||| Stepping randomly (stuck).
  3709 | D:3      | 3709 ||| Stepping randomly (stuck).
  3710 | D:3      | 3710 ||| Stepping randomly (stuck).
  3711 | D:3      | 3711 ||| Stepping randomly (stuck).
  3712 | D:3      | 3712 ||| Stepping randomly (stuck).
  3713 | D:3      | 3713 ||| Stepping randomly (stuck).
  3714 | D:3      | 3714 ||| Stepping randomly (stuck).
  3739 | D:3      | 3739 ||| INVOKING Berserk.
  3991 | D:3      | Found a runed translucent door.
  3992 | D:3      | Noticed Crazy Yiuf
  3995 | D:3      | 3995 ||| Stepping randomly (stuck).
  3996 | D:3      | 3996 ||| INVOKING Berserk.
  3998 | D:3      | Killed Crazy Yiuf
  3999 | D:3      | Reached skill level 8 in Axes
  3999 | D:3      | Reached XP level 6. HP: 52/52 MP: 5/5
  4066 | D:3      | 4066 ||| DROPPING +2 hammer of draining.
  4067 | D:3      | 4067 ||| UPGRADING to +1 cloak of willpower.
  4132 | D:4      | 4132 ||| INVOKING Berserk.
  4188 | D:4      | 4188 ||| SWAPPING to +1 hand axe of electrocution.
  4189 | D:4      | 4189 ||| DROPPING +0 hand axe.
  4532 | D:4      | 4532 ||| INVOKING Berserk.
  4539 | D:4      | Reached skill level 9 in Axes
  4678 | D:4      | 4678 ||| Stepping ~*~*~tactically~*~*~ (hiding).
  4679 | D:4      | 4679 ||| Stepping ~*~*~tactically~*~*~ (hiding).
  4682 | D:4      | 4682 ||| INVOKING Berserk.
  4697 | D:4      | 4697 ||| Stepping ~*~*~tactically~*~*~ (stealth).
  4803 | D:4      | 4803 ||| Stepping ~*~*~tactically~*~*~ (hiding).
  4804 | D:4      | 4804 ||| Stepping ~*~*~tactically~*~*~ (hiding).
  4807 | D:4      | 4807 ||| INVOKING Berserk.
  4819 | D:4      | Reached skill level 3 in Armour
  4965 | D:4      | 4965 ||| INVOKING Berserk.
  4975 | D:4      | Reached XP level 7. HP: 60/60 MP: 6/6
  5189 | D:4      | Reached *** piety under Trog
  5344 | D:4      | Found a staircase to the Ecumenical Temple.
  5346 | D:4      | 5346 ||| INVOKING Berserk.
  5636 | D:4      | 5636 ||| UPGRADING to +0 pair of boots.
  5641 | D:4      | 5641 ||| READING scroll labelled ZONENYBEDGH.
  5642 | D:4      | 5642 ||| READING scroll labelled RAROJAGIES.
  5643 | D:4      | 5643 ||| READING 2 scrolls of identify.
  5643 | D:4      | 5643 ||| IDENTIFYING glowing ruby potion
  5644 | D:4      | 5644 ||| DROPPING potion of magic.
  5706 | D:5      | Entered Level 5 of the Dungeon
  5773 | D:5      | 5773 ||| Stepping ~*~*~tactically~*~*~ (hiding).
  5786 | D:5      | 5786 ||| Stepping ~*~*~tactically~*~*~ (stealth).
  5842 | D:5      | 5842 ||| SWAPPING to +0 war axe.
  5843 | D:5      | 5843 ||| DROPPING +1 hand axe of electrocution.
  5893 | D:5      | 5893 ||| Stepping ~*~*~tactically~*~*~ (stealth).
  5895 | D:5      | 5895 ||| Stepping ~*~*~tactically~*~*~ (stealth).
  5904 | D:5      | 5904 ||| READING scroll of enchant armour.
  5904 | D:5      | 5904 ||| ENCHANTING +0 pair of boots.
  5923 | D:5      | Reached skill level 10 in Axes
  6031 | D:5      | Reached XP level 8. HP: 60/68 MP: 7/7
  6229 | D:5      | Reached skill level 6 in Fighting
  6230 | D:5      | 6230 ||| INVOKING Berserk.
  6237 | D:5      | HP: 17/70 [poisoned by a killer bee]
  6242 | D:5      | HP: 8/70 [poisoned by a killer bee]
  6577 | D:5      | Reached skill level 11 in Axes
  6644 | D:5      | 6644 ||| UPGRADING to +0 kite shield.
  6649 | D:5      | 6649 ||| UPGRADING to amulet of reflection.
  6654 | D:5      | 6654 ||| DRINKING 2 clear potions.
  6702 | D:6      | Found a shadowy altar of Dithmenos.
  6832 | D:6      | Found an opulent altar of Gozag.
  6852 | D:6      | 6852 ||| INVOKING Berserk.
  6856 | D:6      | Reached skill level 3 in Shields
  7085 | D:6      | Found a basalt altar of Yredelemnul.
  7104 | D:6      | 7104 ||| Stepping ~*~*~tactically~*~*~ (stealth).
  7228 | D:6      | Found a shimmering blue altar of Sif Muna.
  7258 | D:6      | 7258 ||| INVOKING Berserk.
  7784 | D:6      | 7784 ||| Stepping ~*~*~tactically~*~*~ (hiding).
  7787 | D:6      | 7787 ||| INVOKING Berserk.
  7791 | D:6      | Reached skill level 6 in Shields
  7920 | D:6      | Found an iron altar of Okawaru.
  7923 | D:6      | 7923 ||| DROPPING amulet of the acrobat.
  7924 | D:6      | 7924 ||| READING scroll labelled KAIDOSHR LIMEPH.
  7925 | D:6      | 7925 ||| DRINKING 2 glowing red potions.
  7926 | D:6      | 7926 ||| DRINKING 2 blue potions.
  7927 | D:6      | 7927 ||| DRINKING 2 black potions.
  7937 | D:6      | 7937 ||| READING 4 scrolls of identify.
  7937 | D:6      | 7937 ||| IDENTIFYING viscous grey potion
  7938 | D:6      | 7938 ||| READING 3 scrolls of identify.
  7938 | D:6      | 7938 ||| IDENTIFYING lumpy ruby potion
  7939 | D:6      | 7939 ||| READING 2 scrolls of identify.
  7939 | D:6      | 7939 ||| IDENTIFYING fizzy dark potion
  7940 | D:6      | 7940 ||| DROPPING potion of degeneration.
  7941 | D:6      | 7941 ||| DROPPING potion of berserk rage.
  7942 | D:6      | 7942 ||| DROPPING potion of flight.
  7943 | D:6      | 7943 ||| DROPPING potion of attraction.
  7944 | D:6      | 7944 ||| DROPPING potion of ambrosia.
  8024 | D:7      | Reached XP level 9. HP: 70/75 MP: 8/8
  8059 | D:7      | 8059 ||| FLEEEEING.
  8060 | D:7      | 8060 ||| STAIRDANCE
  8201 | D:7      | 8201 ||| STAIRDANCE
  8237 | D:7      | 8237 ||| STAIRDANCE
  8283 | D:7      | Found a hide-covered altar of Uskayaw.
  8319 | D:7      | 8319 ||| Stepping ~*~*~tactically~*~*~ (hiding).
  8503 | D:7      | Identified the +10 falchion of Golden Judgement {drain, rF+
                  | rC+ Stlth+}
  8888 | D:7      | 8888 ||| UPGRADING to +0 pair of gloves.
  8893 | D:7      | 8893 ||| READING 2 scrolls of identify.
  8893 | D:7      | 8893 ||| IDENTIFYING golden potion
  8894 | D:7      | 8894 ||| DROPPING potion of brilliance.
  8955 | D:8      | 8955 ||| FLEEEEING.
  8956 | D:8      | 8956 ||| FLEEEEING.
  8957 | D:8      | 8957 ||| FLEEEEING.
  8958 | D:8      | 8958 ||| FLEEEEING.
  8964 | D:8      | 8964 ||| INVOKING Berserk.
  9243 | D:8      | 9243 ||| Stepping ~*~*~tactically~*~*~ (hiding).
  9249 | D:8      | Reached skill level 3 in Throwing
  9306 | D:8      | Noticed Maurice
  9321 | D:8      | Killed Maurice
  9322 | D:8      | Reached skill level 12 in Axes
  9509 | D:8      | 9509 ||| Stepping ~*~*~tactically~*~*~ (hiding).
  9510 | D:8      | 9510 ||| Stepping ~*~*~tactically~*~*~ (hiding).
  9513 | D:8      | 9513 ||| Stepping ~*~*~tactically~*~*~ (hiding).
  9568 | D:8      | Found a sacrificial altar of Ru.
  9658 | D:8      | 9658 ||| DROPPING +2 flail of draining.
  9669 | D:8      | Noticed a two-headed ogre
  9673 | D:8      | 9673 ||| INVOKING Berserk.
  9675 | D:8      | Killed a two-headed ogre
  9676 | D:8      | Reached skill level 9 in Shields
  9676 | D:8      | Reached XP level 10. HP: 86/86 MP: 9/9
  9759 | D:8      | Noticed a two-headed ogre
  9760 | D:8      | 9760 ||| Stepping ~*~*~tactically~*~*~ (stealth).
  9766 | D:8      | 9766 ||| INVOKING Berserk.
  9771 | D:8      | Killed a two-headed ogre
 10071 | D:8      | 10071 ||| READING 2 scrolls of identify.
 10071 | D:8      | 10071 ||| IDENTIFYING bubbling emerald potion
 10072 | D:8      | 10072 ||| DROPPING potion of invisibility.
 10122 | D:9      | Reached skill level 13 in Axes
 10379 | D:9      | 10379 ||| Stepping ~*~*~tactically~*~*~ (stealth).
 10381 | D:9      | 10381 ||| Stepping ~*~*~tactically~*~*~ (stealth).
 10384 | D:9      | 10384 ||| Stepping ~*~*~tactically~*~*~ (stealth).
 10387 | D:9      | 10387 ||| Stepping ~*~*~tactically~*~*~ (stealth).
 10396 | D:9      | 10396 ||| INVOKING Berserk.
 10396 | D:9      | HP: 30/129 [wraith (5)]
 10397 | D:9      | Reached skill level 6 in Armour
 10401 | D:9      | HP: 16/132 [yak (12)]
 10402 | D:9      | Slain by a yak

Levels and vault maps discovered:
D:1:      dpeg_arrival_shrine, layout_basic, serial_forest,
          infiniplex_forest_lined_corner, infiniplex_forest_corner_1,
          infiniplex_forest_corner_2, infiniplex_forest_clump_large,
          infiniplex_forest_clump_long, infiniplex_forest_straight_5,
          infiniplex_forest_end_2, infiniplex_forest_clump_long,
          infiniplex_forest_zigzag_2, infiniplex_forest_corner_1,
          serial_park_tiny_2, minmay_3d_cube
D:2:      layout_basic, kennysheep_flooded_box, minmay_door_square,
          uniq_terence, uniq_robin, uniq_natasha
D:3:      cheibrodos_pilgrimage, layout_loops_ring, old_standard_altar,
          minitemple, uniq_crazy_yiuf_cottage
D:4:      layout_loops_corners, minmay_temple_entry_proselytizer
D:5:      layout_basic
D:6:      layout_loops_corners, mainiacjoe_overflow_24_doors,
          grunt_gozag_statues, yredelemnul_altar_generic,
          kennysheep_okawaru_gauntlet, nicolae_dithmenos_shadow_blocks
D:7:      statuecave_lemuel, layout_cave_pools, old_standard_altar,
          serial_park_tiny_pond, kennysheep_crisscross
D:8:      layout_cave_pods, mainiacjoe_overflow_brackets, uniq_maurice
D:9:      layout_grid_maze, lemuel_tele_altar, david_lair_generic

Skill      XL: |  1  2  3  4  5  6  7  8  9 10 |
---------------+-------------------------------+-----
Axes           | 4 5 6 8 9 10 11 12 13 | 13.0
Throwing       | 1 3 |  3.0
Fighting       | 4 5 6 7 8 |  8.1
Armour         | 3 4 5 6 |  6.2
Shields        | 6 9 |  9.4
Dodging        | |  2.1

Action                   |  1- 3 |  4- 6 |  7- 9 | 10-12 || total
-------------------------+-------+-------+-------+-------++-------
Melee: Hand axe          |    54 |   120 |    26 |       ||   200
       Headbutt          |     6 |    18 |    40 |    10 ||    74
       Punch             |     1 |       |       |       ||     1
       War axe           |       |       |   183 |    38 ||   221
Throw: Javelin           |    18 |    26 |    18 |     3 ||    65
       Boomerang         |       |     3 |    46 |     4 ||    53
Invok: Berserk           |     3 |     9 |     7 |     2 ||    21
  Use: Scroll            |     4 |     5 |     9 |     1 ||    19
       Potion            |       |       |     4 |       ||     4
Armor: Animal skin       |     2 |       |       |       ||     2
       Leather armour    |     4 |     1 |       |       ||     5
       Chain mail        |       |    35 |    99 |    28 ||   162
Dodge: Dodged            |    34 |    47 |    65 |    32 ||   178
Block: Kite shield       |       |       |   110 |    49 ||   159
       Reflection        |       |       |     6 |       ||     6

Table legend:
 A = Non-vault XP
 B = Vault XP
 C = Vault XP percentage of total XP
 D = Non-vault monster count
 E = Vault monster count
 F = Vault count percentage of total count
                 A         B        C        D         E       F
            +---------+---------+-------+---------+---------+-------
      Total |    7058 |     768 |   9.8 |     153 |      29 |  15.9
            +---------+---------+-------+---------+---------+-------
        D:1 |      26 |      17 |  39.5 |      13 |       7 |  35.0
        D:2 |      72 |     105 |  59.3 |      13 |      11 |  45.8
        D:3 |      64 |     131 |  67.2 |      20 |       7 |  25.9
        D:4 |     544 |      43 |   7.3 |      28 |       1 |   3.4
        D:5 |     952 |       0 |   0.0 |      22 |       0 |   0.0
        D:6 |     895 |       3 |   0.3 |      14 |       2 |  12.5
        D:7 |     980 |       0 |   0.0 |      17 |       0 |   0.0
        D:8 |    2271 |     469 |  17.1 |      16 |       1 |   5.9
        D:9 |    1254 |       0 |   0.0 |      10 |       0 |   0.0
            +---------+---------+-------+---------+---------+-------
